 Dungeon Sprint DCSS version 0.26-a0-649-gf8c6c3aab7 (webtiles) character file.

Game seed: 8518175110140548027

1215 sahdkjhfkaj the Summoner (level 8, -8/65 HPs)
             Began as a Gnoll Summoner on Sept 26, 2020.
             Was a High Priest of Sif Muna.
             Mangled by a sixfirhy (15 damage)
             ... summoned by a deep elf mage
             ... in the Dungeon (Sprint VII: "The Pits").
             The game lasted 00:08:21 (2884 turns).

sahdkjhfkaj the Summoner (Gnoll Summoner)           Turns: 2884, Time: 00:08:22

Health: -8/65      AC:  3    Str: 14    XL:     8   Next: 46%
Magic:  3/20       EV: 18    Int: 23    God:    Sif Muna [*****.]
Gold:   0          SH:  0    Dex: 18    Spells: 5/23 levels left

rFire    . . .     SeeInvis +   p - +4 quarterstaff "Ufiac" {vamp, *Noise rPois Int+3 SInv}
rCold    . . .     Faith    .   (shield currently unavailable)
rNeg     . . .     Spirit   .   a - +0 robe
rPois    +         Reflect  .   (no helmet)
rElec    .         Harm     .   (no cloak)
rCorr    .         Rampage  .   (no gloves)
MR       .....     NoTele   +   m - +0 pair of boots
Stlth    ++++......             (no amulet)
HPRegen  0.20/turn              k - +3 ring of dexterity
MPRegen  0.17/turn              n - +3 ring of strength

@: no status effects
A: distributed training, fangs 1, strong nose
a: Channel Magic, Forget Spell, Divine Exegesis, Renounce Religion


You were in the Dungeon.
You worshipped Sif Muna.
Sif Muna was extremely pleased with you.
You visited 1 branch

Inventory:

Hand Weapons
 p - the +4 quarterstaff "Ufiac" (weapon) {vamp, *Noise rPois Int+3 SInv}
   (You found it in the Dungeon)

   It inflicts no extra harm, but heals its wielder when it wounds a living foe.
   It affects your intelligence (+3).
   It protects you from poison.
   It lets you see invisible.
   It may make noises in combat.
Armour
 a - a +0 robe (worn)
 m - a +0 pair of boots (worn)
Jewellery
 k - a +3 ring of dexterity (left hand)
 n - a +3 ring of strength (right hand)
Scrolls
 h - a scroll of blinking
 i - 3 scrolls of remove curse
 j - 5 scrolls of amnesia
 l - 2 scrolls of vulnerability
Potions
 b - a potion of invisibility
 c - 9 potions of curing
 d - 7 potions of heal wounds
 e - a potion of haste
 f - 4 potions of magic
 g - 2 potions of berserk rage
 o - 2 potions of stabbing


   Skills:
 + Level 6.5 Fighting
 + Level 6.5 Short Blades
 + Level 6.5 Long Blades
 + Level 6.5 Axes
 + Level 6.5 Maces & Flails
 + Level 6.5 Polearms
 + Level 6.5 Staves
 + Level 6.5 Slings
 + Level 6.5 Bows
 + Level 6.5 Crossbows
 + Level 6.5 Throwing
 + Level 6.5 Armour
 + Level 8.1 Dodging
 + Level 7.8 Stealth
 + Level 6.5 Shields
 + Level 6.5 Unarmed Combat
 + Level 8.3 Spellcasting
 + Level 5.4 Conjurations
 + Level 5.4 Hexes
 + Level 9.0 Summonings
 + Level 5.4 Necromancy
 + Level 5.4 Translocations
 + Level 5.4 Transmutations
 + Level 5.4 Fire Magic
 + Level 5.4 Ice Magic
 + Level 5.4 Air Magic
 + Level 5.4 Earth Magic
 + Level 5.4 Poison Magic
 + Level 7.2 Invocations
 + Level 6.5 Evocations


You had 5 spell levels left.
You knew the following spells:

 Your Spells              Type           Power        Failure   Level
a - Summon Small Mammal   Summ           ####         1%          1
b - Summon Lightning Spi  Summ/Air       #####...     3%          4
c - Summon Ice Beast      Ice/Summ       #####...     3%          4
s - Summon Hydra          Summ           ######....   80%         7
I - Call Imp              Summ           ######..     1%          2

Your spell library contained the following spells:

 Spells                   Type           Power        Failure   Level
 Freeze                   Ice            ####         1%          1
 Corpse Rot               Necr/Air       N/A          1%          2
 Call Canine Familiar     Summ           ######..     1%          3
 Summon Guardian Golem    Hex/Summ       #####...     1%          3
 Dazzling Flash           Conj/Hex       ####..       2%          3
 Stone Arrow              Conj/Erth      ####..       2%          3
 Iskenderun's Mystic Bla  Conj/Tloc      ####....     7%          4
 Sticky Flame             Conj/Fire      ####....     7%          4
 Summon Forest            Summ/Tloc      #####.....   10%         5
 Eringya's Noxious Bog    Tmut/Pois      ####......   73%         6
 Hydra Form               Tmut           ####......   73%         6
 Malign Gateway           Summ/Tloc      #####.....   96%         7
 Spellforged Servitor     Conj/Summ      #####.....   96%         7
 Disjunction              Tloc           ####......   100%        8


Dungeon Overview and Level Annotations

Branches:
Dungeon (1/1)

Altars:
Ashenzari
Cheibriados
Dithmenos
Elyvilon
Fedhas
Gozag
Hepliaklqana
Kikubaaqudgha
Makhleb
Nemelex Xobeh
Okawaru
Qazlal
Ru
Sif Muna
Trog
Uskayaw
Vehumet
Wu Jian
Xom
Yredelemnul
Zin
The Shining One
Beogh
Jiyva
Lugonu


Innate Abilities, Weirdness & Mutations

Your experience applies equally to all skills.
You have very sharp teeth.
Your uncanny sense of smell can sniff out nearby items.


Message History

Confirm with . or Enter, or press ? or * to list all spells.
A chill wind blows around you. The jumping spider misses you.
The jumping spider completely misses you.
The sixfirhy misses you.
The jumping spider leaps!
Your ice beast hits the ice devil but does no damage.
Unknown command.
Unknown command.
Unknown command.
Unknown command.
Casting: Summon Ice Beast (dangerous; 3% risk of failure)
Confirm with . or Enter, or press ? or * to list all spells.
You don't have enough magic to cast that spell.
Unknown command.
Unknown command.
You swap places.
The sixfirhy hits you!
* * * LOW HITPOINT WARNING * * *
The sixfirhy shocks you!
* * * LOW HITPOINT WARNING * * *
The sixfirhy hits you!
You die...

∆∆∆∆∆∆∆ ∆ ############
#_________.# #_________.#
#_______...###########++###
##########'##..............
#..(.')))'.##......#..#....
##########@##Y........)....
#(........Y344s...÷)..)....
#)#####'#####..÷..÷#.[#....
#)#..#..#..##..............
#.#..)..'..#####'#####''###
#.##'####'###.......##''###
#.#........##.......##.....
#(#........##.......##.....
#.#####'#####...<...##.....


You could see a hellwing (summoned), an ice devil (summoned), a sixfirhy
(summoned), a jumping spider (summoned) and a friendly ice beast (summoned).

Vanquished Creatures
  Duvessa (D)
  A small abomination (D)
  A wolf (D)
  A nameless horror (D)
  A big kobold (D)
  A killer bee (D)
  A bat skeleton (D)
7 creatures vanquished.

Vanquished Creatures (collateral kills)
  A bog body (D)
  5 dream sheep (D)
  A redback (D)
  2 steam dragons (D)
  A water moccasin (D)
  A wolf (D)
  A bullfrog (D)
  Dowan (D)
  2 gnoll shamans (D)
  A worker ant (D)
  A mummy (D)
  6 gnolls (D)
  An adder (D)
  2 river rats (D)
  A leopard gecko (D)
  An orc (D)
  A goblin (D)
  A hobgoblin (D)
  2 quokkas (D)
  A frilled lizard (D)
  A rat (D)
34 creatures vanquished.

Vanquished Creatures (others)
  An acid blob (D)
  A death ooze (D)
  A golden eye (D)
3 creatures vanquished.

Grand Total: 44 creatures vanquished

Notes
Turn   | Place    | Note
-------+----------+-------------------------------------------
     0 | D        | sahdkjhfkaj the Gnoll Summoner began the quest for the Orb.
     0 | D        | Reached XP level 1. HP: 13/13 MP: 6/6
    65 | D        | Reached skill level 5 in Spellcasting
    65 | D        | Reached skill level 1 in Invocations
   129 | D        | Killed a golden eye
   196 | D        | Found a bloodstained altar of Trog.
   196 | D        | Found a shimmering blue altar of Sif Muna.
   196 | D        | Found a viscous altar of Jiyva.
   196 | D        | Found a hazy altar of Hepliaklqana.
   196 | D        | Found an opulent altar of Gozag.
   197 | D        | Found a glowing golden altar of the Shining One.
   197 | D        | Found a glowing silver altar of Zin.
   197 | D        | Found a basalt altar of Yredelemnul.
   197 | D        | Found a shimmering altar of Xom.
   197 | D        | Found an ornate altar of the Wu Jian Council.
   197 | D        | Found a sacrificial altar of Ru.
   197 | D        | Found a stormy altar of Qazlal.
   197 | D        | Found an iron altar of Okawaru.
   197 | D        | Found a sparkling altar of Nemelex Xobeh.
   197 | D        | Found a burning altar of Makhleb.
   197 | D        | Found a blossoming altar of Fedhas.
   197 | D        | Found a white marble altar of Elyvilon.
   197 | D        | Found a shadowy altar of Dithmenos.
   197 | D        | Found a snail-covered altar of Cheibriados.
   198 | D        | Found a radiant altar of Vehumet.
   198 | D        | Found a corrupted altar of Lugonu.
   198 | D        | Found a roughly hewn altar of Beogh.
   199 | D        | Found an ancient bone altar of Kikubaaqudgha.
   199 | D        | Found a hide-covered altar of Uskayaw.
   199 | D        | Found a broken altar of Ashenzari.
   200 | D        | Became a worshipper of Sif Muna the Loreminder
   243 | D        | Reached skill level 1 in Fighting
   243 | D        | Reached skill level 1 in Short Blades
   243 | D        | Reached skill level 1 in Long Blades
   243 | D        | Reached skill level 1 in Axes
   243 | D        | Reached skill level 1 in Maces & Flails
   243 | D        | Reached skill level 1 in Polearms
   243 | D        | Reached skill level 1 in Staves
   243 | D        | Reached skill level 1 in Slings
   243 | D        | Reached skill level 1 in Bows
   243 | D        | Reached skill level 1 in Crossbows
   243 | D        | Reached skill level 1 in Throwing
   243 | D        | Reached skill level 1 in Armour
   243 | D        | Reached skill level 1 in Shields
   243 | D        | Reached skill level 1 in Unarmed Combat
   243 | D        | Reached skill level 1 in Conjurations
   243 | D        | Reached skill level 1 in Hexes
   243 | D        | Reached skill level 1 in Necromancy
   243 | D        | Reached skill level 1 in Translocations
   243 | D        | Reached skill level 1 in Transmutations
   243 | D        | Reached skill level 1 in Fire Magic
   243 | D        | Reached skill level 1 in Ice Magic
   243 | D        | Reached skill level 1 in Air Magic
   243 | D        | Reached skill level 1 in Earth Magic
   243 | D        | Reached skill level 1 in Poison Magic
   243 | D        | Reached skill level 1 in Evocations
   243 | D        | Reached XP level 2. HP: 21/21 MP: 5/8
   275 | D        | Learned a level 2 spell: Call Imp
   288 | D        | Reached * piety under Sif Muna
   657 | D        | Reached ** piety under Sif Muna
   668 | D        | Reached XP level 3. HP: 15/27 MP: 1/9
   689 | D        | Reached skill level 5 in Dodging
   711 | D        | Reached *** piety under Sif Muna
   738 | D        | Reached XP level 4. HP: 26/34 MP: 2/11
   843 | D        | Learned a level 4 spell: Summon Lightning Spire
   895 | D        | Noticed Duvessa
   895 | D        | Noticed Dowan
   899 | D        | Noticed a wolf
   899 | D        | Killed a wolf
   899 | D        | Reached **** piety under Sif Muna
   899 | D        | Reached skill level 5 in Stealth
   900 | D        | Noticed a big kobold
   902 | D        | Killed Dowan
   902 | D        | Reached XP level 5. HP: 41/41 MP: 7/13
   905 | D        | Noticed a nameless horror
   919 | D        | Killed a nameless horror
   924 | D        | Killed Duvessa
   928 | D        | Killed a big kobold
   928 | D        | Reached XP level 6. HP: 38/48 MP: 1/15
  1031 | D        | Learned a level 4 spell: Summon Ice Beast
  1045 | D        | Reached ***** piety under Sif Muna
  1045 | D        | Identified Sif Muna's Catalogue of the Excruciating Glacier
                  | (Sif Muna gifted it to you in the Dungeon)
  1045 | D        | Received a gift from Sif Muna
  1045 | D        | Reached skill level 8 in Summonings
  1216 | D        | Reached skill level 5 in Invocations
  1417 | D        | Reached skill level 5 in Fighting
  1417 | D        | Reached skill level 5 in Short Blades
  1417 | D        | Reached skill level 5 in Long Blades
  1417 | D        | Reached skill level 5 in Axes
  1417 | D        | Reached skill level 5 in Maces & Flails
  1417 | D        | Reached skill level 5 in Polearms
  1417 | D        | Reached skill level 5 in Staves
  1417 | D        | Reached skill level 5 in Slings
  1417 | D        | Reached skill level 5 in Bows
  1417 | D        | Reached skill level 5 in Crossbows
  1417 | D        | Reached skill level 5 in Throwing
  1417 | D        | Reached skill level 5 in Armour
  1417 | D        | Reached skill level 5 in Shields
  1417 | D        | Reached skill level 5 in Unarmed Combat
  1417 | D        | Reached skill level 5 in Evocations
  1572 | D        | Noticed a water moccasin
  1572 | D        | Noticed a bog body
  1583 | D        | Identified Ziel Get's Handbook of Companions and
                  | Dislocation (Sif Muna gifted it to you in the Dungeon)
  1583 | D        | Received a gift from Sif Muna
  1583 | D        | Reached XP level 7. HP: 56/56 MP: 2/17
  1772 | D        | Killed an acid blob
  1952 | D        | Killed a bog body
  2296 | D        | Killed a death ooze
  2328 | D        | Learned a level 7 spell: Summon Hydra
  2400 | D        | Got the +4 quarterstaff "Ufiac" {vamp, *Noise rPois Int+3
                  | SInv}
  2463 | D        | Noticed a steam dragon
  2463 | D        | Noticed a dream sheep
  2463 | D        | Noticed a dream sheep
  2467 | D        | Noticed a dream sheep
  2467 | D        | Noticed a dream sheep
  2469 | D        | Noticed a dream sheep
  2478 | D        | Killed a dream sheep
  2480 | D        | Killed a steam dragon
  2480 | D        | Killed a dream sheep
  2480 | D        | Reached skill level 5 in Conjurations
  2480 | D        | Reached skill level 5 in Hexes
  2480 | D        | Reached skill level 5 in Necromancy
  2480 | D        | Reached skill level 5 in Translocations
  2480 | D        | Reached skill level 5 in Transmutations
  2480 | D        | Reached skill level 5 in Fire Magic
  2480 | D        | Reached skill level 5 in Ice Magic
  2480 | D        | Reached skill level 5 in Air Magic
  2480 | D        | Reached skill level 5 in Earth Magic
  2480 | D        | Reached skill level 5 in Poison Magic
  2484 | D        | Killed a dream sheep
  2484 | D        | Reached XP level 8. HP: 44/64 MP: 1/20
  2485 | D        | Killed a dream sheep
  2486 | D        | Killed a dream sheep
  2486 | D        | Received a gift from Sif Muna
  2706 | D        | Reached skill level 9 in Summonings
  2706 | D        | Noticed a redback
  2707 | D        | Noticed a deep elf mage
  2711 | D        | Killed a redback
  2750 | D        | Noticed a rust devil
  2865 | D        | Noticed a jumping spider
  2865 | D        | Noticed a redback
  2868 | D        | Noticed an ice devil
  2869 | D        | Noticed a sixfirhy
  2870 | D        | Noticed a hellwing
  2884 | D        | Mangled by a sixfirhy

Illustrated notes

Levels and vault maps discovered:
D:        pitsprint [storerooms_1, entrance_room_1, metal_vault_4, armoury_2,
          mini_pit_1, grid_room_1, main_hall_1, silver_pit, the_coven_1,
          the_vestibule_1, steel_vault_5, golden_pit, hallway_of_sentries,
          crystal_vault_6, iron_vault_3, final_vault]

Skill      XL: |  1  2  3  4  5  6  7  8 |
---------------+-------------------------+-----
Spellcasting   | 5 6 7 8 |  8.3
Invocations    | 1 2 3 4 5 6 7 |  7.2
Fighting       | 1 2 3 4 5 6 |  6.5
Short Blades   | 1 2 3 4 5 6 |  6.5
Long Blades    | 1 2 3 4 5 6 |  6.5
Axes           | 1 2 3 4 5 6 |  6.5
Maces & Flails | 1 2 3 4 5 6 |  6.5
Polearms       | 1 2 3 4 5 6 |  6.5
Staves         | 1 2 3 4 5 6 |  6.5
Slings         | 1 2 3 4 5 6 |  6.5
Bows           | 1 2 3 4 5 6 |  6.5
Crossbows      | 1 2 3 4 5 6 |  6.5
Throwing       | 1 2 3 4 5 6 |  6.5
Armour         | 1 2 3 4 5 6 |  6.5
Shields        | 1 2 3 4 5 6 |  6.5
Unarmed Combat | 1 2 3 4 5 6 |  6.5
Conjurations   | 1 2 3 4 5 |  5.4
Hexes          | 1 2 3 4 5 |  5.4
Necromancy     | 1 2 3 4 5 |  5.4
Translocations | 1 2 3 4 5 |  5.4
Transmutations | 1 2 3 4 5 |  5.4
Fire Magic     | 1 2 3 4 5 |  5.4
Ice Magic      | 1 2 3 4 5 |  5.4
Air Magic      | 1 2 3 4 5 |  5.4
Earth Magic    | 1 2 3 4 5 |  5.4
Poison Magic   | 1 2 3 4 5 |  5.4
Evocations     | 1 2 3 4 5 6 |  6.5
Dodging        | 5 6 7 8 |  8.1
Stealth        | 5 6 7 |  7.8
Summonings     | 8 9 |  9.0

Action                   |  1- 3 |  4- 6 |  7- 9 || total
-------------------------+-------+-------+-------++-------
Melee: Quarterstaff      |     7 |    20 |    14 ||    41
       Bite              |       |     3 |     1 ||     4
 Cast: Summon Small Mamm |    14 |       |       ||    14
       Call Imp          |    14 |     1 |       ||    15
       Summon Lightning  |       |     6 |       ||     6
       Summon Ice Beast  |       |     7 |    21 ||    28
  Use: Potion            |       |     4 |     5 ||     9
       Scroll            |       |     1 |       ||     1
 Stab: Distracted        |       |     1 |       ||     1
Armor: Robe              |       |     4 |       ||     4
Dodge: Dodged            |    20 |    17 |    22 ||    59

Table legend: (Time is in decaauts)
 A = Elapsed time spent in this place.
 B = Non-inter-level travel time spent in this place.
 C = Inter-level travel time spent in this place.
 D = Time resting spent in this place.
 E = Time spent auto-exploring this place.
 F = Levels seen in this place.
 G = Mean time per level.
                   A        B        C        D        E       F      G
               +--------+--------+--------+--------+--------+-----+--------+
         Total |   2894 |   2820 |     74 |   2032 |      0 |   1 | 2894.0 |
       Dungeon |   2894 |   2820 |     74 |   2032 |      0 |   1 | 2894.0 |
               +--------+--------+--------+--------+--------+-----+--------+

Top non-repeatable levels by time:
       D: 2894 daAuts
